 Dungeon Crawl Stone Soup version 0.25-a0-364-ge76b031 (webtiles) character file.

Game seed: 15681319928457134125, levelgen mode: deterministic

186 Birdy the Charmwright (level 5, 0/40 HPs)
             Began as a Vine Stalker Skald on Jan 5, 2020.
             Succumbed to a worker ant's poison
             ... on level 4 of the Dungeon.
             The game lasted 00:06:35 (2572 turns).

Birdy the Charmwright (Vine Stalker Skald)          Turns: 2572, Time: 00:06:36

Health: 0/40       AC: 22    Str: 13    XL:     5   Next: 65%
Magic:  0/10       EV:  2    Int: 13    God:
Gold:   198        SH:  0    Dex: 15    Spells: 7/10 levels left

rFire    . . .     SeeInvis .   a - +1 spear
rCold    . . .     Gourm    .   (no shield)
rNeg     + + +     Faith    .   (armour currently unavailable)
rPois    +         Spirit   +   (helmet currently unavailable)
rElec    .         Reflect  .   (cloak currently unavailable)
rCorr    .         Harm     .   (gloves currently unavailable)
MR       +....     NoTele   +   (boots currently unavailable)
Stlth    ++........             (no amulet)
HPRegen  0.53/turn              (no ring)
MPRegen  0.12/turn              (no ring)

@: lethally poisoned (0 -> 0), tree-form, singing (expiring), hasted, very quick
A: blurry vision 1, magic resistance 1, regeneration 1, magic shield, no potion
heal 3, rot immunity
a: no special abilities


You were on level 4 of the Dungeon.
You were very hungry.
You were a tree.
You visited 1 branch of the dungeon, and saw 4 of its levels.

You collected 198 gold pieces.

Inventory:

Hand Weapons
 a - a +1 spear (weapon)
Missiles
 c - 7 boomerangs of dispersal (quivered)
 f - 5 javelins
Armour
 b - a +0 leather armour (melded)
Jewellery
 p - an uncursed ring of fire
Wands
 j - a wand of iceblast (7)
Scrolls
 h - 2 scrolls of enchant weapon
 i - 2 scrolls of remove curse
 k - 4 scrolls of teleportation
 l - a scroll of amnesia
 n - a scroll of magic mapping
 q - a scroll of identify
Potions
 g - 2 potions of brilliance
 m - a potion of flight
Comestibles
 d - 5 rations


   Skills:
 + Level 2.5 Fighting
 - Level 1.7 Polearms
 + Level 1.8 Armour
 + Level 2.2 Dodging
 + Level 2.3 Stealth
 + Level 3.0 Spellcasting
 - Level 4.0 Charms


You had 7 spell levels left.
You knew the following spells:

 Your Spells              Type           Power        Failure   Level  Hunger
a - Song of Slaying       Chrm           ##......     7%          2    ###....
b - Infusion              Chrm           ##..         4%          1    #......

Your spell library contained the following spells:

 Spells                   Type           Power        Failure   Level  Hunger
 Shroud of Golubria       Chrm/Tloc      #.....       16%         2    ###....
 Ozocubu's Armour         Chrm/Ice       #.......     30%         3    ###....
 Spectral Weapon          Hex/Chrm       #.......     30%         3    ###....


Dungeon Overview and Level Annotations

Branches:
Dungeon (4/15)
 Temple: D:4-7

Altars:

Shops:
D:4 %

Annotations:
D:4 Eustachio


Innate Abilities, Weirdness & Mutations

((You have extremely sharp teeth.))
Your natural rate of healing is unusually fast.
When hurt, damage is shared between your health and your magic reserves.
((Your bite disrupts and absorbs the magic of your enemies.))
Potions cannot restore your health.
You are immune to rotting.
Scrolls take you a little longer to read.
You are resistant to hostile enchantments. (MR+)


Message History

The river rat bites you but does no damage.
The white imp gestures at you.
The puff of frost hits you but does no damage.
The crimson imp blinks!
You hit Eustachio.
Eustachio is almost dead.
The worker ant completely misses you. The bat hits you but does no damage.
Eustachio hits you but does no damage.
Unknown command.
You hit Eustachio but do no damage.
Eustachio is almost dead.
The bat hits you but does no damage. The river rat bites you.
* * * LOW HITPOINT WARNING * * *
The worker ant bites you but does no damage.
The white imp gestures at you.
The puff of frost hits you but does no damage.
You hit Eustachio.
Eustachio is almost dead.
You are no longer magically infusing your attacks.
You die...

##..#.........# ##..
. ##.............# ..
.##................ .
..................###
.###.........###..#
##........5.# ...
##......§....##
.......5ba....###
##.#...#♣@b.......
#.#.∩.##r5........
.......r.........
....####..#.#......
.... ...#.#...... ...
..r.#........ ..
.#.§........# .##....
... .. ....? ..a


You could see Eustachio, a worker ant, an iron imp, a crimson imp, 2 river rats,
a white imp and 2 bats.

Vanquished Creatures
  A bullfrog skeleton (D:4)
  8 adders
  3 oozes
  An adder skeleton (D:3)
  2 worms
  A dart slug (D:1)
  A leopard gecko (D:3)
  2 orcs
  A ball python (D:2)
  4 bats
  A giant cockroach (D:1)
  4 goblins
  11 hobgoblins
  5 jackals
  7 kobolds
  A quokka (D:4)
  7 frilled lizards
  3 rats
63 creatures vanquished.

Notes
Turn   | Place    | Note
-------+----------+-------------------------------------------
     0 | D:1      | Birdy the Vine Stalker Skald began the quest for the Orb.
     0 | D:1      | Reached XP level 1. HP: 11/11 MP: 4/4
   190 | D:1      | Reached XP level 2. HP: 11/15 MP: 4/6
   281 | D:1      | Learned a level 2 spell: Song of Slaying
   438 | D:1      | Reached skill level 4 in Charms
   531 | D:1      | Reached XP level 3. HP: 16/18 MP: 4/7
   812 | D:1      | Gained mutation: Scrolls take you a little longer to read.
                  | [potion of mutation]
   812 | D:1      | Gained mutation: You are resistant to hostile enchantments.
                  | (MR+) [potion of mutation]
   954 | D:2      | Reached skill level 1 in Armour
  1010 | D:2      | Reached skill level 1 in Stealth
  1445 | D:2      | Gained mutation: Your natural rate of healing is unusually
                  | fast. [Vine Stalker growth]
  1445 | D:2      | Reached XP level 4. HP: 4/23 MP: 8/8
  2046 | D:3      | Reached XP level 5. HP: 23/26 MP: 5/10
  2519 | D:4      | Found Waditam's Food Shop.
  2529 | D:4      | Noticed Eustachio
  2571 | D:4      | HP: 1/40 [river rat[Eustachio] (4)]
  2572 | D:4      | Succumbed to a worker ant's poison

Levels and vault maps discovered:
D:1:      scummos_arrival_forest, layout_basic, minmay_misc_feat_four_crosses,
          chequers_serial_rivers_micro_d
D:2:      layout_basic
D:3:      layout_loops_ring, corexii_item_surrounded_by_moat
D:4:      layout_cave_pools, minmay_temple_entry_purple_smoke, first_ration,
          serial_shops, shop, ebering_ghost_sewer_d, uniq_eustachio

Skill      XL: |  1  2  3  4  5 |
---------------+----------------+-----
Charms         | 4 |  4.0
Armour         | 1 |  1.8
Stealth        | 1 2 |  2.3
Fighting       | 2 |  2.5
Dodging        | 2 |  2.2
Spellcasting   | 3 |  3.0
Polearms       | |  1.7

Action                   |  1- 3 |  4- 6 || total
-------------------------+-------+-------++-------
Melee: Spear             |   123 |   115 ||   238
       Bite              |    27 |    19 ||    46
Throw: Boomerang         |     1 |       ||     1
 Cast: Infusion          |     1 |     9 ||    10
       Song of Slaying   |     4 |     6 ||    10
  Use: Scroll            |     7 |     5 ||    12
       Potion            |     2 |     3 ||     5
 Stab: Sleeping          |     1 |     2 ||     3
  Eat: Chunk             |     1 |     4 ||     5
Armor: Leather armour    |    22 |    18 ||    40
       Skin              |       |    36 ||    36
Dodge: Dodged            |    53 |    56 ||   109

Table legend:
 A = Non-vault XP
 B = Vault XP
 C = Vault XP percentage of total XP
 D = Non-vault monster count
 E = Vault monster count
 F = Vault count percentage of total count
                 A         B        C        D         E       F
            +---------+---------+-------+---------+---------+-------
      Total |     266 |       0 |   0.0 |      63 |       0 |   0.0
            +---------+---------+-------+---------+---------+-------
        D:1 |      46 |       0 |   0.0 |      23 |       0 |   0.0
        D:2 |      52 |       0 |   0.0 |      16 |       0 |   0.0
        D:3 |     124 |       0 |   0.0 |      21 |       0 |   0.0
        D:4 |      44 |       0 |   0.0 |       3 |       0 |   0.0
            +---------+---------+-------+---------+---------+-------
